 Dungeon Crawl Stone Soup version 0.30.0-29-ga12c61a403 (webtiles) character file.

Game seed: 18336089307197121336

155 cheesebisquit the Ruffian (level 5, 0/53 HPs)
             Began as a Troll Fighter on June 14, 2023.
             Slain by an orc wizard
             ... wielding a +0 dagger
              (3 damage)
             ... on level 3 of the Dungeon.
             The game lasted 00:04:21 (1926 turns).

cheesebisquit the Ruffian (Troll Fighter)           Turns: 1926, Time: 00:04:21

Health: 0/53       AC:  4    Str: 24    XL:     5   Next: 14%
Magic:  4/4        EV:  8    Int:  6    God:
Gold:   218        SH:  8    Dex:  9    Spells: 4/4 levels left

rFire   . .          .
                       - Unarmed
rCold   . . .        b - +0 kite shield
rNeg    . . .        a - +0 robe
rPois   .            (helmet restricted)
rElec   .            j - scarf {+Inv}
rCorr   .            (gloves unavailable)
SInv    .            (boots unavailable)
Will    .....        h - amulet of magic regeneration
Stlth   +            (no ring)
HPRegen 1.08/turn    (no ring)
MPRegen 0.49/turn

%: no passive effects
@: no status effects
A: large, unfitting armour, claws 3, regeneration 1, shaggy fur 1, tough skin 1,
antennae 2
a: Evoke Invisibility


You were on level 3 of the Dungeon.
You visited 1 branch of the dungeon, and saw 3 of its levels.

You collected 218 gold pieces.

Inventory:

Hand Weapons
 q - the +1 whip of the Scorned {freeze, rN+}
   (You found it on level 2 of the Dungeon)

   rN:        It protects you from negative energy.
 s - the +8 spear "Tesielo" {freeze, Dex+6}
   (You found it on level 3 of the Dungeon)

   Dex:       It affects your dexterity (+6).
Missiles
 k - 12 atropa-tipped darts (quivered)
 n - 7 poisoned darts
 o - 4 boomerangs
Armour
 a - a +0 robe (worn)
 b - a +0 kite shield (worn)
 c - a +0 cloak
 j - a scarf of invisibility (worn)
Jewellery
 h - an amulet of magic regeneration (around neck)
Scrolls
 d - 4 scrolls of teleportation {unknown}
 g - 2 scrolls of immolation {unknown}
 i - 3 scrolls of identify {unknown}
Potions
 e - 3 potions of mutation
 f - 2 potions of attraction {unknown}
 l - 4 potions of curing {unknown}
 m - 2 potions of berserk rage {unknown}
 p - a potion of degeneration {unknown}
 r - 2 potions of lignification {unknown}
 t - a potion of heal wounds {unknown}


   Skills:
 + Level 3.1 Fighting
 - Level 2.4 Dodging
 + Level 3.5 Shields
 * Level 4.1 Unarmed Combat


You had 4 spell levels left.
You didn't know any spells.
Your spell library was empty.

Dungeon Overview and Level Annotations

Branches:
Dungeon (3/15)

Altars:
Cheibriados
Makhleb
Nemelex Xobeh
Qazlal
Trog
Yredelemnul
Zin

Shops:
D:3 :

Annotations:
D:3 3 runed translucent doors, AlmostDecent's ghost, weakling GnIE


Innate Abilities, Weirdness & Mutations

You are too large for most types of armour.
You have claws for hands.
Your natural rate of healing is unusually fast.
You are covered in fur. (AC +1)
You have tough skin. (AC +1)
You have a pair of antennae on your head.


Message History

A puff of flame appears from out of thin air!
The puff of flame hits you!
The orc priest hits you with a +0 war axe!
You are too injured to fight recklessly!
The orc priest invokes the aid of Beogh against you.
Beogh smites you!
* * * LOW HITPOINT WARNING * * *
You scratch the orc priest.
The orc priest is almost dead.
Something hits you.
* * * LOW HITPOINT WARNING * * *
You block the orc priest's attack.
You scratch the orc priest.
You kill the orc priest!
A ball python comes into view.
The orc priest calls down the wrath of Beogh upon you.
Something writhes in agony!
Your Unarmed Combat skill increases to level 4!
You have reached level 5!
The ball python hisses angrily.
You claw the orc!
You kill the orc!
The orc priest begins to cast a cantrip, but forgets the words!
Something hits you but does no damage.
You miss something. Something hits you but does no damage.
You closely miss something.
You hear some strange, mumbled words.
A magic dart appears from out of thin air!
The magic dart hits you!
* * * LOW HITPOINT WARNING * * *
You miss something.
You hear some strange, mumbled words.
A puff of flame appears from out of thin air!
The puff of flame hits you!
* * * LOW HITPOINT WARNING * * *
It was a potion of mutation.
You feel extremely strange. A pair of antennae grows on your head!
The antennae on your head grow some more.
Something hits you.
You die...

#........##
#.#
#....#...#
#.#
#....#...#
#.#
#...##..##
#.###.####..#
#..........##
#.........##
#.......###
#.@..####
#{#### #)..#
#.....#
#...o..#
#.###..# #.#
...# #$. .S#
#.. ...


There were no monsters in sight!

Vanquished Creatures
  An orc priest (D:3)
  Crazy Yiuf (D:2)
  2 adders (D:2)
  2 worms (D:2)
  3 dart slugs
  An orc (D:3)
  5 ball pythons
  3 endoplasms
  6 giant cockroaches
  4 goblins
  5 hobgoblins
  6 jackals
  A quokka (D:1)
  7 bats
  4 frilled lizards
  6 kobolds
  8 rats
65 creatures vanquished.

Notes
Turn   | Place    | Note
-------+----------+-------------------------------------------
     0 | D:1      | cheesebisquit the Troll Fighter began the quest for the
                  | Orb.
     0 | D:1      | Reached XP level 1. HP: 22/22 MP: 0/0
    44 | D:1      | Found a faded altar of an unknown god.
   131 | D:1      | Reached XP level 2. HP: 29/29 MP: 1/1
   406 | D:1      | Reached XP level 3. HP: 36/36 MP: 2/2
   799 | D:2      | Reached skill level 3 in Unarmed Combat
  1130 | D:2      | Reached XP level 4. HP: 40/44 MP: 3/3
  1180 | D:2      | Identified the +1 whip of the Scorned {freeze, rN+}
  1235 | D:2      | Found a runed translucent door.
  1236 | D:2      | Noticed Crazy Yiuf
  1521 | D:2      | Paralysed by Crazy Yiuf for 2 turns
  1527 | D:2      | Killed Crazy Yiuf
  1616 | D:3      | Found a runed translucent gate.
  1616 | D:3      | Found a runed translucent gate.
  1616 | D:3      | Noticed AlmostDecent's ghost (weakling GnIE)
  1618 | D:3      | Found a runed translucent gate.
  1628 | D:3      | Found Datesow's Book Emporium.
  1666 | D:3      | Found a bloodstained altar of Trog.
  1666 | D:3      | Found a sparkling altar of Nemelex Xobeh.
  1666 | D:3      | Found a basalt altar of Yredelemnul.
  1666 | D:3      | Found a stormy altar of Qazlal.
  1666 | D:3      | Found a burning altar of Makhleb.
  1666 | D:3      | Found a snail-covered altar of Cheibriados.
  1667 | D:3      | Found a glowing silver altar of Zin.
  1729 | D:3      | Identified the +8 spear "Tesielo" {freeze, Dex+6}
  1921 | D:3      | Reached skill level 4 in Unarmed Combat
  1921 | D:3      | Reached XP level 5. HP: 12/53 MP: 4/4
  1925 | D:3      | HP: 2/53 [something/puff of flame (8)]
  1926 | D:3      | Gained mutation: You have a pair of small antennae on your
                  | head. [potion of mutation]
  1926 | D:3      | Gained mutation: You have a pair of antennae on your head.
                  | [potion of mutation]
  1926 | D:3      | Slain by an orc wizard

Illustrated notes

Levels and vault maps discovered:
D:1:      dreamdust_arrival_sigmund_warning, layout_loops_ring,
          chequers_ecumenical_altar_island, minmay_door_square
D:2:      layout_basic, uniq_crazy_yiuf_cottage
D:3:      minmay_recursive_quarters, layout_loops_ring,
          grunt_temple_overflow_open, serial_shops, shop_statue,
          biasface_ghost_orc_armoury

Skill      XL: |  1  2  3  4 |
---------------+-------------+-----
Shields        | 3 |  3.5
Unarmed Combat | 3 4 |  4.1
Fighting       | 3 |  3.1
Dodging        | |  2.4

Action                     |  1- 3 |  4- 6 || total
---------------------------+-------+-------++-------
  Melee: Unarmed           |   143 |    45 ||   188
    Use: Potion            |       |     2 ||     2
   Stab: Distracted        |     1 |       ||     1
 Armour: Robe              |    43 |    13 ||    56
  Dodge: Dodged            |    61 |    14 ||    75
  Block: Kite shield       |    42 |    11 ||    53
